 Dungeon Sprint DCSS version 0.30-a0-49-g1cef19eb02 (webtiles) character file.

Game seed: 7143166705873513671

77 rocky1 the Shield-Bearer (level 4, -11/32 HPs)
             Began as a Gargoyle Fighter on Sept 3, 2022.
             Mangled by a water elemental (13 damage)
             ... in the Dungeon (Sprint III: "The Ten Rune Challenge").
             The game lasted 00:00:56 (305 turns).

rocky1 the Shield-Bearer (Gargoyle Fighter)          Turns: 305, Time: 00:00:57

Health: -11/32     AC: 10    Str: 21    XL:     4   Next: 33%
Magic:  4/4        EV:  9    Int:  9    God:
Gold:   22         SH:  5    Dex:  9    Spells: 3/3 levels left

rFire   . . .      SeeInvis .    a - +0 flail
rCold   . . .      Faith    .    c - +0 buckler
rNeg    + . .      Spirit   .    b - +0 scale mail
rPois   ∞          Reflect  .    (no helmet)
rElec   +          Harm     .    (no cloak)
rCorr   .          Rampage  .    (no gloves)
Will    .....      NoTele   +    (no boots)
Stlth   ..........               (no amulet)
HPRegen 0.10/turn                (no ring)
MPRegen 0.09/turn                (no ring)

@: engulfed
A: sickness immunity, AC +3, negative energy resistance 1, electricity
resistance, torment resistance 1, petrification resistance
a: no special abilities


You were in the Dungeon.
You visited 1 branch You collected 22 gold pieces.

Inventory:

Hand Weapons
 a - a +0 flail (weapon)
Armour
 b - a +0 scale mail (worn)
 c - a +0 buckler (worn)
Scrolls
 j - a scroll of blinking
 k - 3 scrolls of identify {unknown}
 l - a scroll of poison {unknown}
 m - a scroll of torment {unknown}
Potions
 d - 3 potions of mutation {unknown}
 e - 2 potions of curing
 f - 3 potions of heal wounds
 g - a potion of haste
 h - 2 potions of magic
 i - a potion of berserk rage
 n - a potion of ambrosia {unknown}
 o - a potion of flight {unknown}


   Skills:
 + Level 6.1 Fighting
 + Level 5.0 Maces & Flails
 - Level 3.2 Armour
 + Level 6.1 Shields


You had 3 spell levels left.
You didn't know any spells.
Your spell library was empty.

Dungeon Overview and Level Annotations

Branches:
Dungeon (1/1)

Altars:


Innate Abilities, Weirdness & Mutations

You are immune to sickness and miasma.
Your stone body is resilient. (AC +3)
You are immune to poison.
You resist negative energy. (rN+)
You are resistant to electric shocks. (rElec)
You are resistant to unholy torment.
You are immune to petrification.


Message History

Increase (S)trength, (I)ntelligence, or (D)exterity?
You feel stronger. x2
You have reached level 4!
You feel clever.
You see here a scorpion corpse.
As you open the door, it creaks loudly!
Found 22 gold pieces and 2 bubbling dark potions.
There is an open door here.
You now have 17 gold pieces.
d - a bubbling dark potion;
l - a scroll labelled HOGOSE KECK
k - 2 scrolls labelled HUNIKL XONYTE (gained 1)
f - 3 potions of heal wounds (gained 2);
d - 2 bubbling dark potions (gained 1)
d - 3 bubbling dark potions (gained 1);
m - a scroll labelled GAURAFFU ZAOBIESI
k - 3 scrolls labelled HUNIKL XONYTE (gained 1)
n - a brown potion;
o - a murky purple potion You now have 22 gold pieces (gained 5).
There is an open door here.
Unknown command.
You start resting.
You feel a little less mighty now.
You start resting.
HP restored.
As you open the door, it creaks loudly!
A water elemental comes into view.
You hit the water elemental but do no damage.
The water elemental completely misses you.
You closely miss the water elemental. You block the water elemental's attack.
You hit the water elemental but do no damage.
The water elemental hits you.
You closely miss the water elemental. You block the water elemental's attack.
You sock the water elemental!
The water elemental is moderately damaged.
The water elemental hits you!
The water elemental engulfs you in water!
The water elemental hits you!
* * * LOW HITPOINT WARNING * * *
You sock the water elemental!
The water elemental is heavily damaged.
The water elemental hits you!
You die...

▓▓▓▓▓▓▓▓ ▓▓▓ <..#...####
##.# ...#......#####..#
..##.......#..#..#
##.##.##...#..#..# #+#+#
##.##.###..##'#..#......
#.####.##..###..@E.⌠....
.###..##.†####...#...###
#..†..##..###....# ⌠.#
###..##...##.....# .#
##..##....#.†....# #
#..###..##†#.....# #..#
#.. ####....# ▓▓▓▓ ▓▓▓
▓▓▓▓▓▓


You could see a water elemental.

Vanquished Creatures
  A scorpion (D)
  A human (D)
  4 rats (D)
6 creatures vanquished.

Notes
Turn   | Place    | Note
-------+----------+-------------------------------------------
     0 | D        | rocky1 the Gargoyle Fighter began the quest for the Orb.
     0 | D        | Reached XP level 1. HP: 14/14 MP: 1/1
    98 | D        | Reached XP level 2. HP: 7/20 MP: 2/2
    99 | D        | Noticed a scorpion
   103 | D        | Killed a scorpion
   104 | D        | Reached skill level 5 in Maces & Flails
   104 | D        | Reached XP level 3. HP: 10/27 MP: 3/3
   104 | D        | Reached XP level 4. HP: 12/32 MP: 4/4
   298 | D        | Noticed a water elemental
   305 | D        | Mangled by a water elemental

Illustrated notes

Levels and vault maps discovered:
D:        dungeon_sprint_mu [sprint_mu_entry_cave, sprint_mu_temple_rooms,
          sprint_mu_d1_horrors, sprint_mu_d2_genie, sprint_mu_d3_branching,
          sprint_mu_orc_legion, sprint_mu_elf_gauntlet, sprint_mu_hive_nellie,
          sprint_mu_lair_fedhas, sprint_mu_vaults_butterflies,
          sprint_mu_slime_circle, sprint_mu_shoals_archi,
          sprint_mu_snake_twists, sprint_mu_blade_basic,
          sprint_mu_crypt_fortress, sprint_mu_tomb_spiral,
          sprint_mu_vestibule_basic, sprint_mu_gehenna_hellfire,
          sprint_mu_dis_giant, sprint_mu_tartarus_statrot,
          sprint_mu_cocytus_islands, sprint_mu_zot1]

Skill      XL: |  1  2 |
---------------+-------+-----
Fighting       | 4 6 |  6.1
Maces & Flails | 3 5 |  5.0
Shields        | 4 6 |  6.1
Armour         | |  3.2

Action                   |  1- 3 |  4- 6 || total
-------------------------+-------+-------++-------
Melee: Flail             |    24 |     6 ||    30
  Use: Potion            |     1 |       ||     1
Armor: Scale mail        |    11 |       ||    11
Dodge: Dodged            |     5 |     1 ||     6
Block: Buckler           |     8 |     2 ||    10

Table legend: (Time is in decaauts)
 A = Elapsed time spent in this place.
 B = Non-inter-level travel time spent in this place.
 C = Inter-level travel time spent in this place.
 D = Time resting spent in this place.
 E = Time spent auto-exploring this place.
 F = Levels seen in this place.
 G = Mean time per level.
                   A        B        C        D        E       F      G
               +--------+--------+--------+--------+--------+-----+--------+
         Total |    313 |    313 |      0 |    190 |      4 |   1 |  313.0 |
       Dungeon |    313 |    313 |      0 |    190 |      4 |   1 |  313.0 |
               +--------+--------+--------+--------+--------+-----+--------+

Top non-repeatable levels by time:
       D: 313 daAuts
